 Dungeon Crawl Stone Soup version 0.25.1-8-g42b30a86e7 (webtiles) character file.

Game seed: 7500407900369283050

277 hawla the Conjurer (level 6, -2/47 HPs)
             Began as a Draconian Conjurer on Dec 20, 2020.
             Killed from afar by an orc wizard (9 damage)
             ... with a magic dart
             ... on level 2 of the Dungeon on Dec 21, 2020.
             The game lasted 00:05:37 (3141 turns).

hawla the Conjurer (Draconian Conjurer)             Turns: 3141, Time: 00:05:38

Health: -2/47      AC:  8    Str: 10    XL:     6   Next: 4%
Magic:  0/12       EV: 12    Int: 18    God:
Gold:   66         SH:  0    Dex: 11    Spells: 6/13 levels left

rFire    . . .     SeeInvis .   h - +2 dagger (drain)
rCold    . . .     Gourm    .   (no shield)
rNeg     . . .     Faith    .   (armour unavailable)
rPois    .         Spirit   .   (helmet restricted)
rElec    .         Reflect  .   d - +0 cloak
rCorr    .         Harm     .   s - +0 pair of gloves
MR       .....                  (no boots)
Stlth    ++........             (no amulet)
HPRegen  0.15/turn              (no ring)
MPRegen  0.13/turn              (no ring)

@: no status effects
A: unfitting armour, cold-blooded, AC +6
a: no special abilities


You were on level 2 of the Dungeon.
You were not hungry.

You visited 1 branch of the dungeon, and saw 3 of its levels.

You collected 66 gold pieces.

Inventory:

Hand Weapons
 h - a +2 dagger of draining (weapon)
Armour
 d - a +0 cloak (worn)
 s - a +0 pair of gloves (worn)
Scrolls
 a - 2 scrolls of immolation {unknown}
 c - a scroll of amnesia {unknown}
 g - a scroll of fog {unknown}
 l - 3 scrolls of identify {unknown}
 m - a scroll of remove curse {unknown}
 o - a scroll of noise {unknown}
 p - 2 scrolls of enchant weapon {unknown}
 q - a scroll of teleportation {unknown}
Potions
 e - a potion of flight {unknown}
 f - a potion of lignification {unknown}
 i - a potion of degeneration {unknown}
 j - a potion of magic {unknown}
 n - a potion of berserk rage {unknown}
 r - a potion of resistance
Comestibles
 b - 5 rations
 k - 7 chunks of flesh


   Skills:
 - Level 1.0 Fighting
 - Level 2.0 Dodging
 - Level 2.0 Stealth
 + Level 4.0 Spellcasting
 + Level 5.5 Conjurations
 * Level 1.5 Translocations


You had 6 spell levels left.
You knew the following spells:

 Your Spells              Type           Power        Failure   Level  Hunger
a - Magic Dart            Conj           ###.         1%          1    None
b - Searing Ray           Conj           ###...       2%          2    ##.....
c - Iskenderun's Mystic   Conj/Tloc      ###.....     32%         4    ####...

Your spell library contained the following spells:

 Spells                   Type           Power        Failure   Level  Hunger
 Dazzling Flash           Conj/Hex       ##....       14%         3    ###....
 Fulminant Prism          Conj/Hex       ##........   43%         4    ####...


Dungeon Overview and Level Annotations

Branches:
Dungeon (3/15)

Altars:
Dithmenos
Fedhas
Makhleb


Innate Abilities, Weirdness & Mutations

Your plain brown scales are hard. (AC +6)
You cannot fit into any form of body armour.
You are cold-blooded and may be slowed by cold attacks.


Message History

Reactivating autopickup.
There is a stone staircase leading down here.
Casting: Magic Dart (safe; 1% risk of failure)
Confirm with . or Enter, or press ? or * to list all spells.
Aiming: Searing Ray (safe; 2% risk of failure)
Press: ? - help, Shift-Dir - straight line, f - gnoll
Aim: a gnoll The searing ray hits the gnoll.
The gnoll is moderately wounded. (Press . to maintain the ray.)
The gnoll hits you.
* * * LOW HITPOINT WARNING * * *
Something hits you but does no damage.
Deactivating autopickup; reactivate with Ctrl-A.
The searing ray hits the gnoll!
You kill the gnoll!
You hear some strange, mumbled words.
A magic dart appears from out of thin air!
The magic dart hits you!
You die...

.###_._###.._#......#..#........#
..#######..###....(.#..#....####.
#.........###...##..........####.
#####.######................(....
# ##'##.# #...#...((..).........
# ##..##.###...#.#(##)<##.#..##..
###..........).......)...........
.)......#####.##.#.##..##.#...#..
..............##@#.##..##.#...#..
........##......{#.##..##.#......
#######.##.##.............>.>....
#.##.#.......##..##.#.#.#.#
#.##.####..#.##..##.#.....#
#.##.# #..#.##..##.#.....#
#######.##.####..#.##..#.........
.................#.##...........#
#######.########.#.###.#.#.......


There were no monsters in sight!

Vanquished Creatures
  Sigmund (D:2)
  4 gnolls
  3 adders (D:2)
  A worm (D:2)
  An orc (D:3)
  3 giant cockroaches
  9 goblins
  5 hobgoblins (D:2)
  4 quokkas
  A ball python (D:3)
  12 bats
  7 kobolds
  4 rats
55 creatures vanquished.

Notes
Turn   | Place    | Note
-------+----------+-------------------------------------------
     0 | D:1      | hawla the Draconian Conjurer began the quest for the Orb.
     0 | D:1      | Reached XP level 1. HP: 14/14 MP: 3/3
   770 | D:1      | Reached XP level 2. HP: 22/22 MP: 0/5
  1080 | D:1      | Learned a level 2 spell: Searing Ray
  1091 | D:2      | Reached skill level 1 in Fighting
  1449 | D:2      | Noticed Sigmund
  1451 | D:2      | Reached XP level 3. HP: 22/28 MP: 6/6
  1470 | D:2      | Killed Sigmund
  1470 | D:2      | Reached skill level 5 in Conjurations
  1470 | D:2      | Reached XP level 4. HP: 14/35 MP: 2/9
  1470 | D:2      | Reached XP level 5. HP: 16/40 MP: 2/10
  1482 | D:2      | Learned a level 4 spell: Iskenderun's Mystic Blast
  2273 | D:2      | Found a blossoming altar of Fedhas.
  2273 | D:2      | Found a faded altar of an unknown god.
  2278 | D:2      | Found a shadowy altar of Dithmenos.
  2314 | D:2      | Found a burning altar of Makhleb.
  2316 | D:2      | Found a faded altar of an unknown god.
  2816 | D:3      | Reached skill level 1 in Translocations
  3121 | D:3      | Reached XP level 6. HP: 43/47 MP: 0/12
  3141 | D:2      | Killed from afar by an orc wizard

Illustrated notes

Levels and vault maps discovered:
D:1:      lightli_arrival_statue_moat, layout_basic, serial_bayou_ford_a,
          serial_park_tiny_1
D:2:      minmay_razor_zed, layout_basic, chequers_temple_overflow_minitemple,
          uniq_sigmund
D:3:      layout_basic, first_ration

Skill      XL: |  1  2  3  4  5 |
---------------+----------------+-----
Stealth        | 2 |  2.0
Dodging        | 2 |  2.0
Fighting       | 1 |  1.0
Spellcasting   | 3 4 |  4.0
Conjurations   | 5 |  5.5
Translocations | 1 |  1.5

Action                   |  1- 3 |  4- 6 || total
-------------------------+-------+-------++-------
Melee: Unarmed           |     4 |       ||     4
       Dagger            |    14 |    14 ||    28
       Tailslap          |     2 |     2 ||     4
 Cast: Magic Dart        |    21 |    15 ||    36
       Searing Ray       |     4 |    16 ||    20
       Iskenderun's Myst |       |     1 ||     1
  Eat: Chunk             |     2 |     6 ||     8
Armor: Skin              |    10 |    10 ||    20
Dodge: Dodged            |    24 |    25 ||    49
